 Dungeon Crawl Stone Soup version 0.18-a0-640-g2c992fa (webtiles) character file.

163 M4edhros the Sneak (level 5, -2/33 HPs)
             Began as an Octopode Artificer on Dec 4, 2015.
             Slain by a river rat (8 damage)
             ... in a sewer.
             The game lasted 00:03:29 (2001 turns).

M4edhros the Sneak (Octopode Artificer)             Turns: 2001, Time: 00:03:29

Health: -2/33      AC:  1    Str: 10    XL:     5   Next: 44%
Magic:  8/8        EV: 15    Int: 15    God:
Gold:   33         SH:  0    Dex: 13    Spells: 0 memorised, 4 levels left

rFire  . . .     SeeInvis .     a - +0 short sword
rCold  . . .     Clarity  .     (no shield)
rNeg   . . .     SustAt   .     (helmet restricted)
rPois  .         Gourm    .     (no amulet)
rElec  .         Spirit   .     h - +3 ring of evasion
rCorr  .         Dismiss  .     (no ring)
rMut   .         Stasis   .     (no ring)
MR     .....                    (no ring)
Stlth  +++++.....               (no ring)
                                (no ring)
                                (no ring)
                                (no ring)

@: not resistant to hostile enchantments, quite stealthy
A: almost no armour, amphibious, 8 rings, constrict 8, camouflage 1, gelatinous
body 1
a: no special abilities


You were in a sewer.
You were very hungry.

You visited 1 branch of the dungeon, and saw 3 of its levels.
You also visited: Sewer.

You collected 33 gold pieces.

Inventory:

Hand Weapons
 a - a +0 short sword (weapon)
 o - a +0 hunting sling
 p - a +0 blowgun
Missiles
 g - 54 stones (quivered)
 q - 14 poisoned needles
Jewellery
 h - a +3 ring of evasion (left tentacle)
Wands
 b - a wand of flame (5)
 c - a wand of enslavement (11)
 d - a wand of random effects (15)
Scrolls
 i - a scroll of identify {unknown}
Potions
 f - 4 potions of curing {unknown}
 j - a potion of agility {unknown}
 k - 3 potions of heal wounds {unknown}
 l - 2 potions of flight {unknown}
 m - 2 potions of brilliance {unknown}
 n - a potion of might {unknown}
Comestibles
 e - 2 bread rations


   Skills:
 - Level 1.0 Fighting
 - Level 1.0 Short Blades
 - Level 2.0 Dodging
 * Level 6.0 Stealth
 + Level 4.6 Evocations


You had 4 spell levels left.
You didn't know any spells.

Dungeon Overview and Level Annotations

Branches:
Dungeon (3/15)

Altars:
Ashenzari
Sif Muna


Innate Abilities, Weirdness & Mutations

You cannot wear most types of armour.
You are amphibious.
You can wear up to eight rings at the same time.
You can use your tentacles to constrict eight enemies at once.
Your skin changes colour to match your surroundings (Stealth).
Your rubbery body absorbs attacks (AC +1).


Message History

A rat and a river rat come into view.
Things that are here:
a vampiric dagger; a blowgun The river rat twitches its whiskers.
You hit the river rat but do no damage. Your grab misses the river rat.
The river rat bites you!
You hit the river rat. Your grab misses the river rat.
Your squeeze misses the river rat.
The river rat is lightly wounded.
The river rat bites you!
* * * LOW HITPOINT WARNING * * *
You are too injured to fight recklessly!
Evoke which item? (* to show all) (? for menu, Esc to quit)
Zapping:
b - a wand of flame (6)
Press: ? - help, Shift-Dir - straight line, f - river rat
Aim: a river rat (water, lightly wounded)
The puff of flame misses the river rat.
This wand has 5 charges left.
The river rat is engulfed in a cloud of scalding steam.
The river rat bites you!
You die...

##...............#..#..#≈≈#
.................#.)...#≈≈#
.................'.)..##≈≈#
........≈≈.≈≈≈..≈#.)...#≈≈#
....≈...≈≈≈≈≈≈≈≈≈#..#..#≈≈#
..≈..≈≈≈≈≈≈≈≈≈≈≈≈#######≈≈#
..≈≈≈≈≈≈≈≈≈≈≈≈≈≈≈#≈#≈#≈≈≈≈#
≈≈≈≈≈≈≈≈≈≈≈≈≈≈≈≈≈≈#≈#(#≈≈≈#
≈≈≈≈≈≈≈≈≈≈≈≈≈≈≈≈@#≈#≈#≈≈≈≈#
≈.≈≈≈≈≈≈≈≈≈≈≈≈r≈#(#≈#≈≈≈#
.≈≈K...≈≈≈≈≈≈§#≈#≈#≈≈≈≈#
##....≈.##≈r≈≈≈#≈#≈#≈≈≈#
###......##≈≈≈#######≈≈#
.##...........)÷#..#..#≈≈#
..r.r...r.......#.....#≈≈#
rr...###........'....##≈≈#
#.r## ##.......#.....#≈≈#


You could see a river rat and a rat.

Vanquished Creatures
  A big kobold (Sewer)
  3 adders
  2 oozes
  2 worms (D:3)
  3 giant geckos (D:3)
  An orc (D:3)
  3 bats
  2 goblins
  6 hobgoblins
  8 kobolds
  A quokka (D:3)
  A giant cockroach (D:3)
  2 giant newts (D:2)
  11 rats
46 creatures vanquished.

Notes
Turn   | Place    | Note
--------------------------------------------------------------
     0 | D:1      | M4edhros the Octopode Artificer began the quest for the Orb.
     0 | D:1      | Reached XP level 1. HP: 13/13 MP: 3/3
    23 | D:1      | Reached XP level 2. HP: 15/18 MP: 4/4
   211 | D:1      | You fall through a shaft!
   322 | D:3      | Reached XP level 3. HP: 11/23 MP: 5/5
   372 | D:3      | Found a deep blue altar of Sif Muna.
   563 | D:3      | Found a shattered altar of Ashenzari.
   689 | D:3      | Reached skill level 4 in Stealth
   717 | D:3      | Found a glowing drain.
   733 | Sewer    | Entered a sewer
  1104 | Sewer    | Reached XP level 4. HP: 12/28 MP: 7/7
  1409 | Sewer    | Noticed a big kobold
  1875 | Sewer    | Killed a big kobold
  1875 | Sewer    | Reached skill level 5 in Stealth
  1875 | Sewer    | Reached XP level 5. HP: 9/33 MP: 8/8
  1877 | Sewer    | Reached skill level 6 in Stealth
  2001 | Sewer    | Slain by a river rat

Vault maps used:
D:1:      lightli_arrival_noodles, minmay_door_square
D:2:      lightli_temple_of_fire, fedhas_altar_4, kennysheep_generic_room_10
D:3:      marbit_many_paths, gup_sewer_entry_bubbles, evilmike_ruin_ashenzari
Sewer:    sewer_minmay_treatment

Action                   |  1- 3 |  4- 6 || total
-------------------------+-------+-------++-------
Melee: Short sword       |    66 |    15 ||    81
Evoke: Wand              |     7 |     7 ||    14
 Stab: Sleeping          |     8 |       ||     8
  Eat: Chunk             |     1 |     1 ||     2
